Workbook
Name _GoBack: 'Introduction to the research'!$A$6

Sheet Introduction to the research
A1: Consumers engagement in knowledge sharing with business organizations (enterprises) and public organizations (i.e. schools, public administration)
A2: Dr Roisin Mullins and Dr Sandra Dettmer
A3: (this file shouldn't be used and copied without authors' permission. Contact to the authors: r.mullins@uwtsd.ac.uk)
A5: Knowledge is a strategic advantage which helps business and public organizations sustain as well as maintain their market competitiveness . Moreover, customer knowledge becomes an essential intangible asset for every line of business and public adminitration , leads to better response and respect toward customers, makes a contribution towards new and innovative products, contributes to the improvement of business value, and enhances the competitiveness of businesses. Consumers who share their knowledge with enterprises with the aim of creating values and benefits for enterprises and their own consumption are known as “prosumers,” whereas the process in which they share knowledge with enterprises is consistent with the notion of “prosumption” (for more detailed information read: ). In general, prosumption refers to situations in which prosumers share knowledge not only with enterprises, but also with other prosumers to produce things of value for enterprises, and also for themselves. They can share knowledge voluntary and do not expect any tangible benefits. Other times they share knowledge under the condition of obtaining certain benefits in return, such as rewards or fulfilling personal goals. To share their knowledge individuals use ICT. For more information you may read: 1) Investigating incentives that encouraged and can encourage Polish and UK-based prosumers to engage in knowledge sharing: www.iiakm.org/ojakm/articles/2017/volume5_1/OJAKM_Volume5_1pp72-100.pdf; 2) Identifying more about customers: the phenomenon of the switch to the knowledge exchange: www.iiakm.org/ojakm/articles/2016/volume4_1/OJAKM_Volume4_1pp165-179.pdf 3) Information and Communication Technologies for Supporting Prosumers Knowledge Sharing – Evidence from Poland and United Kingdom: https://fedcsis.org/proceedings/2016/drp/285.html 4) Tapscott, Williams, Wikinomics, 2008; 5) Toffler, The third wave, 1980
A6: Practical cases of the prosumption:
A7: https://www.shoesofprey.com/
A8: https://www.lego.com/en-gb/friends/explore/friends-designer?ignorereferer=true
A10: The research puropses are:
A11: a) the identification of business and public organisations which are promoting prosumptions projects and thus engaging prosumers to knowledge sharing;
A12: b) the identification of products and services in creation of which prosumers knowledge is use;
A13: c) the identification of business processes in which prosumers share their knowledge to create a new or to improve an existing product or service;
A14: d) the identification of the ways which prosumers may use to share their knowledge;
... A16: f) the identification of information and communication technologies (ICT) which serve as a tool to knowledge sharing

Sheet BP - model
B1: The model of business processes
B3: Business process | C3: Possibilities of prosumers' participation
B4: 2.0 Develop and Manage Products and Services | C4: • products’ designing (colors, shape or design of product); • materials requirement (with what kind of materials the product should be done); • graphic elements (e.g. logo or package); • improving functionality of product; • improving reliability and durability of product; • improving ease of product use; • improving efficiency of product; • improving ICT made available to consumers
B6: 3.0 Market and Sell Products and Services | C6: • creating advertising spots or taking part in marketing campaigns; • influencing products’ prices; • influencing promotions, discounts or loan programs; • influencing product availability and new distribution channels
B7: 4.0 Deliver Products and Services | C7: • improving ordering process • establishing new ways of ordering products and their delivery
B8: 5.0 Manage Customer Service | C8: • improving quality and lead time of customer service • improving handling complaints and warranty services • defining success factors of effective and professional customer service

Sheet ICT
A1: Information and communication technologies (ICT) which serve as a tool to ahare knowledge
A3: Empty cells should be filled in by the URL addresses (i.e. https://www.shoesofprey.com/) of the web pages on which it was possible to observe prosumers activities connected with their ideas or kNOwledge. Subsequently these URLs will be use to verify the realibilty of gathered data. Grey cells (B and C columns) are fulling in automatically.
A5: NO. | B5: Company name | C5: Short description of observed prosumers activity | D5: Do you use the ICTs to commuciate with the company -E-mails | E5: Internet forums | F5: Own organizations' websites | G5: Specialized organizations' websites | H5: Popular information websites | I5: Industry specialized portals | J5: Mobile applications | K5: Facebook | L5: Online surveys | M5: Other
A6: 1 | B6: ='Business Processes'!B8 -> https://www.pukkaherbs.com/ | C6: ='Business Processes'!J8 -> https://www.pukkaherbs.com/your-wellbeing/stories/people/partners/bizgive/ https://www.pukkaherbs.com/media/76569880/pukka-sustainability-highlights-2016.pdf https://www.pukkaherbs.com/our-mission/inspiring-change/ | D6: YES | F6: YES | J6: YES | K6: YES | M6: Twitter, Blog, Google
A7: =A6+1 -> 2 | B7: ='Business Processes'!B9 -> www.Dell.com | C7: ='Business Processes'!J9 -> http://www.ideastorm.com/ | D7: YES | E7: YES | F7: YES | G7: YES | J7: YES | K7: YES
A8: =A7+1 -> 3 | B8: ='Business Processes'!B10 -> https://twitter.com/ | C8: ='Business Processes'!J10 -> https://books.google.co.uk/books?isbn=1473987490
A9: =A8+1 -> 4 | B9: ='Business Processes'!B11 -> https://www.amazon.co.uk/ | C9: ='Business Processes'!J11 -> https://www.amazon.co.uk/
A10: =A9+1 -> 5 | B10: ='Business Processes'!B12 -> https://www.facebook.com/ | C10: ='Business Processes'!J12 -> https://www.facebook.com/
A11: =A10+1 -> 6 | B11: ='Business Processes'!B13 -> https://www.uber.com/ | C11: ='Business Processes'!J13 -> https://www.uber.com/
A12: =A11+1 -> 7 | B12: ='Business Processes'!B14 -> https://www.youtube.com/ | C12: ='Business Processes'!J14 -> https://www.youtube.com/
A13: =A12+1 -> 8 | B13: https://www.o2.co.uk/ | C13: http://static.o2.co.uk/www/docs/thinkbig/think-big-blueprint-1-progress-report-2012-to-2015.pdf | D13: YES | E13: YES | F13: YES | G13: YES | H13: YES | J13: YES | K13: YES | L13: YES | M13: Twitter, Google, facebook
A14: =A13+1 -> 9 | B14: https://www.apple.com/uk/ | C14: https://support.apple.com/en-gb | D14: YES | E14: YES | F14: YES | G14: YES | H14: YES | J14: YES | K14: YES | L14: YES | M14: Twitter, Google, facebook
A15: =A14+1 -> 10 | B15: http://ee.co.uk/ | C15: http://ee.co.uk/our-company/corporate-responsibility/building-trust/our-customers | D15: YES | E15: YES | F15: YES | G15: YES | H15: YES | J15: YES | K15: YES | L15: YES | M15: Twitter, Google, facebook
A16: =A15+1 -> 11 | B16: https://www.tesco.com | C16: https://tescoplc.com/about-us/our-buisnesses/ | D16: YES | E16: YES | F16: YES | G16: YES | H16: YES | J16: YES | K16: YES | L16: YES | M16: Twitter, Google, facebook
A17: =A16+1 -> 12 | B17: www.goodenergy.co.uk/ | C17: https://www.goodenergy.co.uk/about-us | F17: YES | J17: YES | K17: YES | M17: Twitter, Google, facebook
A18: =A17+1 -> 13 | B18: https://www.debenhams.com | C18: www.debenhams.careers.com/about-us | D18: YES | E18: YES | F18: YES | G18: YES | H18: YES | K18: YES | L18: YES | M18: Twitter, Google, facebook
A19: =A18+1 -> 14 | B19: https://www.dwrcymru.com | C19: https://www.pwc.co.uk | H19: YES | L19: YES
A20: =A19+1 -> 15 | B20: https://www.marksandspencer.com | C20: https://corporate.marksandspencer.com/plan-a/community-engagement | D20: YES | E20: YES | F20: YES | G20: YES | H20: YES | J20: YES | K20: YES | L20: YES | M20: Twitter, Google, facebook
A21: =A20+1 -> 16 | B21: www.britihgas.co.uk/ | C21: https://www.britishgas.co.uk/business/energy-services/CCL | E21: YES | F21: YES | G21: YES | J21: YES | K21: YES | L21: YES | M21: Twitter, Google, facebook
A22: =A21+1 -> 17 | B22: https://www.unilever.com/ | C22: https://www.unilever.co.uk/about/who-we-are/purpose-and-principles/ | E22: YES | F22: YES | H22: YES | K22: YES | M22: Twitter, Google, facebook
A23: =A22+1 -> 18 | B23: https://www.britishairways.com/ | C23: https://www.britishairways.com/en-gb/information/family-travel/entertainment | D23: YES | E23: YES | F23: YES | H23: YES | J23: YES | K23: YES | L23: YES | M23: Twitter, Google, facebook
A24: =A23+1 -> 19 | B24: https://www.samsung.com/ | C24: https://www.samsung.com/uk/about-samsung/home/ | D24: YES | E24: YES | F24: YES | G24: YES | H24: YES | J24: YES | K24: YES | L24: YES | M24: Twitter, Google, facebook
A25: =A24+1 -> 20 | B25: https://www.skygroup.sky/ | C25: https://www.skygroup.sky/corporate/about-sky/our-story | D25: YES | E25: YES | F25: YES | G25: YES | H25: YES | J25: YES | K25: YES | L25: YES | M25: Twitter, Google, facebook
A26: =A25+1 -> 21 | B26: https://ssebusinessenergy.co.uk | C26: https://sse.co.uk/our-business-services | F26: YES | G26: YES | J26: YES | K26: YES | L26: YES | M26: Twitter, Google, facebook
A27: =A26+1 -> 22 | B27: https://www.waitrose.com/ | C27: https://www.waitrose.com/home/inspiration/summerfestival/childrens-activities | D27: YES | F27: YES | H27: YES | K27: YES | L27: YES | M27: Twitter, Google, facebook
A28: =A27+1 -> 23 | B28: https://www.nationalexpressgroup.com/ | C28: https://blog.nationalexpress.com/ | E28: YES | F28: YES | G28: YES | H28: YES | J28: YES | K28: YES | M28: Twitter, Google, facebook
A29: =A28+1 -> 24 | B29: https://www.npower.com/ | C29: https://www.npower.com/about-npower/ | E29: YES | F29: YES | G29: YES | J29: YES | K29: YES | M29: Twitter, Google, facebook
A30: =A29+1 -> 25 | B30: https://www.virginatlantic.com/ | C30: https://careersuk.virgin-atlantic.com/life-at-virgin-atlantic/culture | D30: YES | E30: YES | F30: YES | G30: YES | H30: YES | J30: YES | K30: YES | L30: YES | M30: Twitter, Google, facebook
A31: =A30+1 -> 26 | B31: https://www.colgatepalmolive.com/ | C31: https://invester.colgatepalmolive.com/press-releases | K31: YES | M31: Twitter, Google, facebook
A32: =A31+1 -> 27 | B32: https://www.bbc.co.uk/ | C32: https://www.bbc.co.uk/sport/get-inspired/25416679 | E32: YES | F32: YES | G32: YES | H32: YES | J32: YES | K32: YES | L32: YES | M32: Twitter, Google, facebook
A33: =A32+1 -> 28 | B33: https://gwr.com/ | C33: https://www.gwr.com/destinations-and-events | D33: YES | G33: YES | H33: YES | J33: YES | K33: YES | L33: YES | M33: Twitter, Google, facebook
A34: 29 | B34: https://www.coca-colacompany.com/ | C34: https://www.coca-cola.co.uk/stories/get-active-with-parklives | F34: YES | J34: YES | K34: YES | L34: YES | M34: Twitter, Google, facebook
A35: 30 | B35: https://www.pepsico.com/ | C35: www.pepsico.com/sustainability/philantrophy | F35: YES | K35: YES | L35: YES | M35: Twitter, Google, facebook
A36: 31 | B36: https://www.volkswagen.com/ | C36: https://annualreport2017.volkswagenag.com/group-management-report/structure-and-business-activities.html | E36: YES | F36: YES | G36: YES | H36: YES | J36: YES | K36: YES | L36: YES | M36: Twitter, Google, facebook
A37: =A36+1 -> 32 | B37: https://www.vauxall.co.uk/ | C37: https://www.vauxall.co.uk/about/our-heritage.html | E37: YES | F37: YES | G37: YES | H37: YES | J37: YES | K37: YES | L37: YES | M37: Twitter, Google, facebook
A38: =A37+1 -> 33 | B38: https://www.jaguarlandrover.com/ | C38: https://www.jaguar.co.uk/about-jaguar/jaguar-business/community.html | E38: YES | F38: YES | G38: YES | H38: YES | J38: YES | K38: YES | L38: YES | M38: Twitter, Google, facebook
A39: =A38+1 -> 34 | B39: https://www.ford.co.uk/ | C39: https://www.ford.co.uk/experience-ford/motor-shows/sponsership | E39: YES | F39: YES | G39: YES | H39: YES | J39: YES | K39: YES | L39: YES | M39: Twitter, Google, facebook
A40: =A39+1 -> 35 | B40: https://www.duluxtradepaintexpert.co.uk/ | C40: https://www.dulux.co.uk/en/about-dulux | J40: YES | K40: YES | M40: Twitter, Google, facebook
A41: =A40+1 -> 36 | B41: https://www.costa.co.uk/ | C41: https://www.costa.co.uk/about-us/ | E41: YES | F41: YES | J41: YES | K41: YES | M41: Twitter, Google, facebook
A42: =A41+1 -> 37 | B42: https://starbucks.co.uk/ | C42: https://www.starbucks.co.uk/responsability | E42: YES | F42: YES | H42: YES | J42: YES | K42: YES | L42: YES | M42: Twitter, Google, facebook
A43: =A42+1 -> 38 | B43: https://www.diy.com/ | C43: https://www.diy.com/activities/ | H43: YES | J43: YES | K43: YES | M43: Twitter, Google, facebook
A44: =A43+1 -> 39 | B44: https://www.lauraashley.com/ | C44: https://www.lauraashley.com/en-gb/our-heritage | D44: YES | F44: YES | K44: YES | M44: Twitter, Google, facebook
A45: =A44+1 -> 40 | B45: https://www.whsmithplc.co.uk/ | C45: https://www.whsmith.co.uk/fcp/content/help-about-us/content | D45: YES | F45: YES | G45: YES | H45: YES | K45: YES | L45: YES | M45: Twitter, Google, facebook
A46: =A45+1 -> 41 | B46: https://www.halfordscompany.com/ | C46: https://www.halfords.careers.com/about-us/who-we-are | F46: YES | H46: YES | K46: YES | L46: YES | M46: Twitter, Google, facebook
A47: =A46+1 -> 42 | B47: https://www.waterstones.com/ | C47: https://www.waterstones.com/help/company-information/1052 | D47: YES | E47: YES | F47: YES | J47: YES | K47: YES | M47: Twitter, Google, facebook
A48: =A47+1 -> 43 | B48: https://www.raccoporate.co.uk/ | C48: https://www.rac.co.uk/business/how-can-we-help/about-us | E48: YES | F48: YES | G48: YES | H48: YES | J48: YES | K48: YES | L48: YES | M48: Twitter, Google, facebook
A49: =A48+1 -> 44 | B49: https://www.theaaplc.com/ | C49: www.theaaplc.com/about-us | E49: YES | F49: YES | G49: YES | H49: YES | J49: YES | K49: YES | L49: YES | M49: Twitter, Google, facebook
A50: =A49+1 -> 45 | B50: https://www.tatasteeleurope.com/ | C50: https://www.tatasteeleurope.com/en/innovation/technology/activities | E50: YES | F50: YES | K50: YES | M50: Twitter, Google, facebook
A51: =A50+1 -> 46 | B51: https://www.bp.com/ | C51: https://www.bp.com/en/global/corporate/what-we-do/bp-at-a-glance.html | E51: YES | F51: YES | J51: YES | K51: YES | M51: Twitter, Google, facebook
A52: =A51+1 -> 47 | B52: https://www.harrods.com/ | C52: https://www.harrods.com/en-gb/events | D52: YES | E52: YES | F52: YES | H52: YES | J52: YES | K52: YES | L52: YES | M52: Twitter, Google, facebook
A53: =A52+1 -> 48 | B53: https://www.harveynichols.com/ | C53: https://www.harveynichols.com/store/ | D53: YES | F53: YES | J53: YES | K53: YES | L53: YES | M53: Twitter, Google, facebook
A54: =A53+1 -> 49 | B54: https://www.selfridges.com/ | C54: www.selfridges.com/gb/en/features/info/our-heritage | D54: YES | E54: YES | F54: YES | H54: YES | J54: YES | K54: YES | L54: YES | M54: Twitter, Google, facebook
A55: =A54+1 -> 50 | B55: https://www.mcdonalds.com/ | C55: https://www.campaignlive.co.uk/articl/mcdonalds-activity-promote-ethical-focus/1074835 | E55: YES | F55: YES | H55: YES | J55: YES | K55: YES | L55: YES | M55: Twitter, Google, facebook
A56: 51 | B56: https://www.newlook.com/uk | C56: www.newlookgroup.com/who-are-we | D56: YES | F56: YES | J56: YES | K56: YES | L56: YES | M56: Twitter, Google, facebook
A57: =A56+1 -> 52 | B57: https://www.dixonscarphone.com/ | C57: https://www.dixonscarphone.com/who-we-are | D57: YES | E57: YES | G57: YES | H57: YES | J57: YES | K57: YES | L57: YES | M57: Twitter, Google, facebook
A58: =A57+1 -> 53 | B58: https://www.nokia.com/ | C58: https://www.nokia.com/about-nokia/ | D58: YES | E58: YES | G58: YES | H58: YES | J58: YES | K58: YES | L58: YES | M58: Twitter, Google, facebook
A59: =A58+1 -> 54 | B59: https://www.itv.com/ | C59: https://www.itvplc.com/about/what-we-do | E59: YES | F59: YES | G59: YES | H59: YES | J59: YES | K59: YES | L59: YES | M59: Twitter, Google, facebook
A60: =A59+1 -> 55 | B60: https://www.playstation.com/ | C60: https://www.playstation.com/en-us/corporate/about/ | D60: YES | E60: YES | F60: YES | G60: YES | H60: YES | J60: YES | K60: YES | L60: YES | M60: Twitter, Google, facebook
A61: =A60+1 -> 56 | B61: https://www.microsoft.com/ | C61: https://www.microsoft.com/en-gb/about/ | D61: YES | E61: YES | F61: YES | G61: YES | H61: YES | J61: YES | K61: YES | L61: YES | M61: Twitter, Google, facebook
A62: =A61+1 -> 57 | B62: https://www.wilko.com/ | C62: https://corporate.wilko.com/stories/ourhistory.php | D62: YES | F62: YES | K62: YES | M62: Twitter, Google, facebook
A63: =A62+1 -> 58 | B63: https://www.talktalkgroup.com/ | C63: https://www.talktalkgroup.com/talktalkgroup/about-us | D63: YES | E63: YES | F63: YES | H63: YES | J63: YES | K63: YES | L63: YES | M63: Twitter, Google, facebook
A64: =A63+1 -> 59 | B64: https://www.btplc.com | C64: https://www.btplc.com/thegroup/ | D64: YES | E64: YES | F64: YES | H64: YES | J64: YES | K64: YES | L64: YES | M64: Twitter, Google, facebook
A65: =A64+1 -> 60 | B65: https://www.andrex.co.uk/ | C65: www.andrex.co.uk/brand-history/ | K65: YES | M65: Twitter, Google, facebook
A66: =A65+1 -> 61 | B66: https://www.barclays.co.uk/ | C66: https://home.barclays/who-we-are/ | D66: YES | E66: YES | F66: YES | G66: YES | H66: YES | J66: YES | K66: YES | L66: YES | M66: Twitter, Google, facebook
A67: =A66+1 -> 62 | B67: https://www.hsbc.com/ | C67: https://www.about.hsbc.co.uk/ | D67: YES | E67: YES | F67: YES | G67: YES | H67: YES | J67: YES | K67: YES | L67: YES | M67: Twitter, Google, facebook
A68: =A67+1 -> 63 | B68: https://www.asus.com/ | C68: https://www.asus.com/about_ASUS/Company-introduction | D68: YES | E68: YES | G68: YES | H68: YES | J68: YES | K68: YES | L68: YES | M68: Twitter, Google, facebook
A69: =A68+1 -> 64 | B69: https://www.parcelforce.com/ | C69: https://www.parcelforce.com/about-parcelforce | D69: YES | E69: YES | F69: YES | H69: YES | J69: YES | K69: YES | L69: YES | M69: Twitter, Google, facebook
A70: =A69+1 -> 65 | B70: https://www.ebay.co.uk/ | C70: https://www.ebayinc.com/our-company/ | J70: YES | K70: YES | M70: Twitter, Google, facebook
A71: =A70+1 -> 66 | B71: www.vistaprint.co.uk/ | C71: https://www.vistaprint.co.uk/about-us.aspx | D71: YES | F71: YES | J71: YES | K71: YES | M71: Twitter, Google, facebook
A72: =A71+1 -> 67 | B72: https://www.easyjet.com/ | C72: https://corporate.easyjet.com/about/what-we-do | E72: YES | H72: YES | J72: YES | K72: YES | L72: YES | M72: Twitter, Google, facebook
A73: =A72+1 -> 68 | B73: www.carlsberg.co.uk/ | C73: https://carlsberggroup.com/who-we-are/about-the=carlsberg-group | F73: YES | J73: YES | K73: YES | L73: YES | M73: Twitter, Google, facebook
A74: =A73+1 -> 69 | B74: https://www.sainsburys.co.uk/ | C74: https://www.about.sainsburys.co.uk/great-products-and-services/sainsburys-home | D74: YES | F74: YES | G74: YES | H74: YES | J74: YES | K74: YES | L74: YES | M74: Twitter, Google, facebook
A75: =A74+1 -> 70 | B75: https://uk.lush.com/ | C75: https://uk.lush.com/tag/our-policies | D75: YES | F75: YES | J75: YES | K75: YES | M75: Twitter, Google, facebook

Sheet Business Processes
A1: PROSUMER BUSINESS PROCESSES TO IMPROVE PRODUCT OR SERVICE
A2: To share knowledge to create new or improve existing product or service
A3: NOTE:
A4: Empty cells should be filled in by the URL addresses (i.e. https://www.shoesofprey.com/) of the web pages on which it was possible to observe prosumers activities connected with their ideas or knowledge. Subsequently these URLs will be use to verify the realibilty of gathered data.
A5: Company name and name of the product (B and C columns) you should type just ONCE only in this sheet. It should be copied to the others sheet automatically.
A7: NO. | B7: Company name | C7: Number of Employees | D7: Company Size SMALL <250 MEDIUM 250 - 500 LARGE 500 - 1000 MEGGA >1000 | E7: Business Secor - Broad version | F7: Business Sector | G7: Evidence of Sustainability focus (YES/NO) | H7: If Sustainability - where is the evidence ? State words and expressions used | I7: If Sustainability - where is the evidence - state the web site | J7: Short description of observed prosumers activity | K7: Do you contribute to ideas for Products’ (designing parts of products) | L7: Ideas or suggestions relating to materials used in the production process (with what kind of material the product/part of the product should be done) | M7: Ideas or suggestions relating to the products' look and their packaging | N7: Ideas or suggestions relating to the products' functionality | O7: Ideas or suggestions relating to reliability of the products | P7: Ideas or suggestions relating to convenience / usage of the products | Q7: Ideas or suggestions relating to the products' efficiency | R7: Ideas or suggestions relating to advertising spots and marketing campaigns | S7: Ideas or suggestions relating to products' prices, discounts and promotions | T7: Ideas or suggestions relating to loan programs | U7: Ideas or suggestions relating to the possible to deliver the products | V7: Ideas or suggestions relating to the ordering processes | W7: Ideas or suggestions relating to the handling of consumers' complaints and warranty services | X7: Ideas or suggestions relating to the quality and lead time of customer service | Y7: Other
A8: 1 | B8: https://www.pukkaherbs.com/ | C8: 70 | D8: =IF(C8<250,"SMALL",IF(C8<500,"MEDIUM",IF(C8<1000,"LARGE","MEGGA"))) -> SMALL | E8: Food Retail | F8: Tea | G8: YES | H8: Donating to enviromental charities and 100% of their teas are Fair for Life. 1% for the Planet,1% turNOver to environmental and social causes sourcing 100% organic ingredients to reducing our carbon footprint; 100% Certified organic herbs, protecting people, plants and planet £89K Invested into Community in 2016, fair premium funds for producers and communities, Renewable electricity from British sunshine, wind and rain, zero waste to landfill, helping to keep our operational footprint light | I8: https://www.pukkaherbs.com/your-wellbeing/stories/planet/sustainability-at-pukka/ https://www.pukkaherbs.com/media/76569880/pukka-sustainability-highlights-2016.pdf https://www.pukkaherbs.com/our-mission/inspiring-change/ | J8: https://www.pukkaherbs.com/your-wellbeing/stories/people/partners/bizgive/ https://www.pukkaherbs.com/media/76569880/pukka-sustainability-highlights-2016.pdf https://www.pukkaherbs.com/our-mission/inspiring-change/ | Y8: Use the website to suggest via voting on how to donate to community projects.
A9: 2 | B9: www.Dell.com | C9: 101,800 | D9: =IF(C9<250,"SMALL",IF(C9<500,"MEDIUM",IF(C9<1000,"LARGE","MEGGA"))) -> MEGGA | E9: Technology | F9: Technology | G9: YES | H9: YES Dell incorporates sustainability into their business from recycling to design. Dell's partners will intercept ocean plastics at the source (in waterways, shorelines and beaches), before they reach the ocean. Partner companies will then process and refine the recovered plastics, mixing them with other recycled plastics to create packaging for deliveries. | I9: http://www.dell.com/learn/us/en/uscorp1/dell-environment?c=us&l=en&s=corp http://www.telegraph.co.uk/connect/better-business/business-sustainability/business-put-planet-first-in-2018/ | J9: http://www.ideastorm.com/ | K9: YES | L9: YES | M9: YES | N9: YES | O9: YES | P9: YES | Q9: YES | R9: YES | S9: YES | V9: YES | W9: YES | X9: YES | Y9: Web site encourages suggestions from consumers, and upload articles to vote on, and create time limited sessions for consumers to discuss an issue
A10: 3 | B10: https://twitter.com/ | C10: 3583 | D10: =IF(C10<250,"SMALL",IF(C10<500,"MEDIUM",IF(C10<1000,"LARGE","MEGGA"))) -> MEGGA | E10: Media | F10: Private | G10: YES | H10: Corporate executives take to Twitter to cover sustainability-based topics | I10: https://www.theguardian.com/sustainable-business/blog/twitter-csr-corporate-social-responsibility-communications | J10: https://books.google.co.uk/books?isbn=1473987490 | K10: NO | L10: NO | M10: NO | N10: NO | O10: NO | P10: NO | Q10: NO | R10: YES | S10: NO | T10: NO | U10: NO | V10: NO | W10: NO | X10: YES
A11: 4 | B11: https://www.amazon.co.uk/ | C11: 541,900 | D11: =IF(C11<250,"SMALL",IF(C11<500,"MEDIUM",IF(C11<1000,"LARGE","MEGGA"))) -> MEGGA | E11: Retail | F11: Private | G11: YES | H11: AWS commits to running business in the most environmentally friendly way | I11: https://www.amazon.co.uk/p/feature/kn3cxony42ececj | J11: https://www.amazon.co.uk/ | K11: YES | L11: YES | M11: YES | N11: YES | O11: YES | P11: YES | Q11: YES | R11: YES | S11: YES | T11: NO | U11: YES | V11: YES | W11: YES | X11: YES
A12: 5 | B12: https://www.facebook.com/ | C12: 25,105 | D12: =IF(C12<250,"SMALL",IF(C12<500,"MEDIUM",IF(C12<1000,"LARGE","MEGGA"))) -> MEGGA | E12: Media | F12: Private | G12: YES | H12: Give people the power to build community and bring the world closer together | I12: https://sustainability.fb.com/ | J12: https://www.facebook.com/ | K12: NO | L12: NO | M12: NO | N12: NO | O12: NO | P12: NO | Q12: NO | R12: YES | S12: YES | T12: NO | U12: NO | V12: NO | W12: NO | X12: YES
A13: 6 | B13: https://www.uber.com/ | C13: 12,000 | D13: =IF(C13<250,"SMALL",IF(C13<500,"MEDIUM",IF(C13<1000,"LARGE","MEGGA"))) -> MEGGA | E13: Transport | F13: Private | G13: YES | H13: Uber will decrease carbon emissions in cities by lessening people'e reliance on personal automobiles | I13: https://motherboard.vice.com/en_us/article/78kkj9/is-uber-good-or-bad-for-the-environment | J13: https://www.uber.com/ | K13: NO | L13: NO | M13: NO | N13: NO | O13: YES | P13: YES | Q13: YES | R13: NO | S13: YES | T13: NO | U13: NO | V13: NO | W13: NO | X13: YES
A14: 7 | B14: https://www.youtube.com/ | C14: 2000 | D14: =IF(C14<250,"SMALL",IF(C14<500,"MEDIUM",IF(C14<1000,"LARGE","MEGGA"))) -> MEGGA | E14: Media | F14: Private | G14: YES | H14: Usage of green electricity and making data centres as efficient as possible | I14: https://rankabrand.org/websites/YouTube | J14: https://www.youtube.com/ | K14: YES | L14: NO | M14: NO | N14: YES | O14: YES | P14: YES | Q14: YES | R14: YES | S14: YES | T14: NO | U14: NO | V14: NO | W14: NO | X14: YES
A15: 8 | B15: https://www.o2.co.uk/ | C15: 700 | D15: =IF(C15<250,"SMALL",IF(C15<500,"MEDIUM",IF(C15<1000,"LARGE","MEGGA"))) -> LARGE | E15: Communication | F15: TechNOlogy | G15: YES | H15: Big Blueprint, Carbon print, 12 million customers encouraged to make different choices, such as rating the sustainability credentials of the phones they buy. | I15: https://www.o2.co.uk/thinkbig/history | J15: http://static.o2.co.uk/www/docs/thinkbig/think-big-blueprint-1-progress-report-2012-to-2015.pdf | K15: YES | L15: YES | N15: YES | O15: YES | P15: YES | Q15: YES | R15: YES | S15: YES | U15: YES | V15: YES | W15: YES | Y15: Website clearly shows different packages to allow consumers to chose the best package for themselves. Website provides contact details for issues or questions. There is access to complain
A16: 9 | B16: https://www.apple.com/uk/ | C16: 123,000 | D16: =IF(C16<250,"SMALL",IF(C16<500,"MEDIUM",IF(C16<1000,"LARGE","MEGGA"))) -> MEGGA | E16: Technology | F16: techNOlogy | G16: YES | H16: We’ve made energy efficiency a priority across all of our facilities | I16: https://images.apple.com/euro/environment/pdf/f/generic/Apple_Environmental_Responsibility_Report_2017.pdf | J16: https://support.apple.com/en-gb | L16: YES | N16: YES | O16: YES | P16: YES | Q16: YES | R16: YES | S16: YES | T16: YES | W16: YES | X16: YES | Y16: website encourages feedback and provides links for many different topics relating to their products
A17: 10 | B17: http://ee.co.uk/ | C17: 10000 | D17: =IF(C17<250,"SMALL",IF(C17<500,"MEDIUM",IF(C17<1000,"LARGE","MEGGA"))) -> MEGGA | E17: Communication | F17: TechNOlogy | G17: YES | H17: Reduce our carbon emissions by 50% by 2015, based on our 2010 baseline | I17: http://ee.co.uk/our-company/corporate-responsibility/building-trust/the-environment | J17: http://ee.co.uk/our-company/corporate-responsibility/building-trust/our-customers | N17: YES | O17: YES | P17: YES | Q17: YES | R17: YES | S17: YES | T17: YES | W17: YES | X17: YES | Y17: website consists of links which lead to alternative information
A18: 11 | B18: https://tesco.com/ | C18: 440,000 | D18: =IF(C18<250,"SMALL",IF(C18<500,"MEDIUM",IF(C18<1000,"LARGE","MEGGA"))) -> MEGGA | E18: Multinational retail | F18: Private | G18: YES | H18: Working with external experts and colleagues to update our environmental strategy. We have pledged to help achieve zero net deforestation by 2020. | I18: https://www.tescoplc.com | J18: https://tescoplc.com/about-us/our-businesses/ | K18: YES | L18: YES | M18: YES | N18: NO | O18: YES | P18: YES | Q18: YES | R18: YES | S18: YES | T18: YES | U18: YES | V18: YES | W18: YES | X18: YES | Y18: website provides sustainabiliy and packing iniatives and further information
A19: 12 | B19: www.goodenergy.co.uk/ | C19: 317 | D19: MEDIUM | E19: Energy and utilities | F19: Energy supplier | G19: YES | H19: 100% renewable elctricity - from sun,wind and rain. greener kinder gas - our biogas comes from organic matter. | I19: https//www.goodenergy.co.uk/about-us/our-ethics/ | J19: https://www.goodenergy.co.uk/about-us | L19: YES | M19: NO | N19: YES | O19: YES | P19: YES | Q19: YES | R19: YES | S19: YES | T19: NO | U19: YES | V19: NO | W19: YES | X19: YES | Y19: website provides further sustainability initiatives and projects.
A20: 13 | B20: https://www.debenhams.com | C20: 27893 | D20: MEGGA | E20: Multinational retail | F20: Private | G20: YES | H20: Debenhams work in partnership with TRAID - working together to reduce waste and carbon emmissions. We have increased the scope of our reporting to give a more accurate carbon footprint. Energy efficiency lies at the heart of our clean and green approach. | I20: https://sustainability.debenhamsplc.com | J20: www.debenhams-careers.com/about-us | K20: YES | L20: NO | M20: NO | N20: NO | O20: NO | P20: YES | Q20: YES | R20: YES | S20: YES | T20: NO | U20: YES | V20: YES | W20: YES | X20: NO | Y20: website provides further information on their areas of sustainability.
A21: 14 | B21: https://www.dwrcymru.com | C21: 3000 | D21: MEGGA | E21: Utility | F21: Public | G21: YES | H21: We want to increase the amount of renewable energy we generate on our sites so that we can reduce our carbon footprint. | I21: https://www.dwrcymru.com/en/environment/our-sustainable-future.aspx | J21: https://www.pwc.co.uk | L21: NO | M21: NO | N21: YES | O21: YES | P21: YES | Q21: YES | R21: YES | S21: YES | T21: NO | U21: YES | V21: NO | W21: YES | X21: YES | Y21: website also provides thier sustainability report and articles.
A22: 15 | B22: https://www.marksandspencer.com | C22: 80,787 | D22: MEGGA | E22: Multinational retail | F22: Public Limited company | G22: YES | H22: Plan A- is our way to help build a susutainable future by being a business that enables our customers to have a possitive impact on wellbeing, communities and the planet through all that we do. | I22: https://corporate.marksandspencer.com/plan-a | J22: https://corporate.marksandspencer.com/plan-a/community-engagement | K22: YES | L22: YES | M22: YES | N22: NO | O22: NO | P22: YES | Q22: YES | R22: YES | S22: YES | T22: YES | U22: YES | V22: YES | W22: YES | X22: YES | Y22: website shows further informtion on their plan A initiatives and commitments.
A23: 16 | B23: www.britishgas.co.uk/ | C23: 24434 | D23: MEGGA | E23: Utility | F23: Public | G23: YES | H23: Making financial sense of sustainable visions- energy and sustainability advisor carbon trust estimates that a 20% cut in retailers' energy costs represents the same bottom-line benefit as a 5% increase in sales. some retailers are eagerly pursuing these strategies to reduce consumption and are even investing significant sums to produce their own energy | I23: https://www.britishgas.co.uk/business/blog/sustainability-to-profitability/ | J23: https://www.britishgas.co.uk/business/energy-services/CCL | L23: YES | M23: NO | N23: YES | O23: YES | P23: YES | Q23: YES | R23: YES | S23: YES | T23: NO | U23: YES | V23: YES | W23: YES | X23: YES | Y23: website provides further information on thier sustainability visions.
A24: 17 | B24: https://www.unilever.com/ | C24: 169000 | D24: MEGGA | E24: Consumer goods | F24: Private | G24: YES | H24: Our strategy for sustainable growth - unilever has been a purpose-driven company from its origins. Today, our promise is simple but clear - to make sustainable living commonplace. By 2030 our goal is to halve the environmental footprint of the making and the use of our products as we grow our business, also by 2030 we will help more than a billion people take action to improve thier health and wellbeing. | I24: https://www.unilever.com/sustainable-living/our-strategy/ | J24: https://www.unilever.co.uk/about/who-we-are/purpose-and-principles/ | K24: YES | L24: YES | M24: YES | N24: NO | O24: NO | P24: YES | Q24: YES | R24: YES | S24: YES | T24: NO | U24: YES | V24: YES | W24: YES | X24: NO | Y24: website provides further information on the companys sustainability commitments.
A25: 18 | B25: https://www.britishairways.com/ | C25: 45000 | D25: MEGGA | E25: Airline industry | F25: Public Limited company | G25: YES | H25: At british airways our promise of 'to fly. To serve' embodies who we are and what we do. Our corporate responsibility programme is set up to address both our impact on the planet and the people with whom we interact. It incorporates five pillars or commitments: 1. To create sustainable and responsible communities. 2. To promote wellbeing and inclusion. 3. To conduct business responsibly. 4. To reduce our environmental impact. 5. To reduce waste and improve recycling. | I25: https://www.britishairways.com/en-gb/information/about-ba/csr/corporate-responsibility | J25: https://www.britishairways.com/en-gb/information/family-travel/entertainment | K25: YES | L25: NO | M25: NO | N25: YES | O25: YES | P25: YES | Q25: YES | R25: YES | S25: YES | T25: NO | U25: NO | V25: NO | W25: YES | X25: YES | Y25: websites provides more on thier sustainability initiatives.
A26: 19 | B26: https://www.samsung.com/ | C26: 489000 | D26: MEGGA | E26: Technology | F26: Public | G26: YES | H26: Our approach to sustainability. As a global corporate citizen, we fulfil our social responsibility, deliver innovative products and services, and create economic, social, and environmental values. | I26: https://www.samsung.com/us/aboutsamsung/sustainability/strategy/ | J26: https://www.samsung.com/uk/aboutsamsung/home/ | K26: YES | L26: YES | M26: YES | N26: YES | O26: YES | P26: YES | Q26: YES | R26: YES | S26: YES | T26: YES | U26: YES | V26: YES | W26: YES | X26: YES | Y26: website provides further information on their sustainability areas.
A27: 20 | B27: https://www.skygroup.sky/ | C27: 31000 | D27: MEGGA | E27: Media and telecommunications | F27: Private limited company | G27: YES | H27: Our responsible Business Sky strategy ensures that we consider the environment in everything we do. We've focused our attention on our energy, travel, waste and water, working in the UK & Ireland towars nine ambitious targets for 2020. We have already achieved a 55% reduction in our carbon intensity and now send 0% of waste from sky owned sites to landfill. | I27: https://www.skygroup.sky/corporate/bigger-picture/responsible-business/environment | J27: https://www.skygroup.sky/corporate/about-sky/our-story | K27: YES | L27: YES | M27: NO | N27: YES | O27: YES | P27: YES | Q27: YES | R27: YES | S27: YES | T27: YES | U27: YES | V27: NO | W27: YES | X27: YES | Y27: website provides further information on their areas of sustainability.
A28: 21 | B28: https://www.ssebusinessenergy.co.uk/ | C28: 21157 | D28: MEGGA | E28: Utility | F28: Public | G28: YES | H28: SSE has worked hard to develop the broadest portfolio of renewable energy generating assets in the UK and Ireland and continue to invest in our green energy infrastructure. SSE Green - 100% renewable electricity is fully backed by Renewable Electricity Guarentee of Origin (REGs) and inderpendantly verified by EcoAct. | I28: https://ssebusinessenergy.co.uk/solutions-for-business/green-energy/ | J28: https://sse.co.uk/our-business-services | K28: NO | L28: YES | M28: NO | N28: YES | O28: YES | P28: YES | Q28: YES | R28: YES | S28: YES | T28: YES | U28: YES | V28: YES | W28: YES | X28: YES | Y28: website shows further informtion on the companys sustainability goals.
A29: 22 | B29: https://www.waitrose.com/ | C29: 52590 | D29: MEGGA | E29: Multinational retail | F29: Private | H29: Sustainability for life. Our food touches the lives of millions of people, from our customers to those who make, grow and pack our products. We are passionate about every step of its journey, from field to fork, we believe that by always being fair, never wasteful and transforming the lives of those who create, eat and enjoy it - our food can be a force for good. | I29: https://www.waitrose.com/ecom/shop/featured/groceries/sustainability | J29: https://www.waitrose.com/home/inspiration/summerfestival/childrens-activities | K29: NO | L29: NO | M29: YES | N29: NO | O29: NO | P29: YES | Q29: YES | R29: YES | S29: YES | T29: NO | U29: YES | V29: YES | W29: YES | X29: NO | Y29: website provides further sustainability information.
A30: 23 | B30: https://www.nationalexpressgroup.com/ | C30: 45000 | D30: MEGGA | E30: Transport | F30: Public | G30: YES | H30: At National Express environmental concerns are at the heart of what we do. Our community value seeks to advance the social, environmental and economic conditions of those communities we serve. Journeys made on our services result in less pollution than would be if our customers chose other modes of transport. We are committed to promoting the environmental advantages of our services to grow our businesses. We seek to minimise the environmental impact of our services through good management practice. | I30: https://www.nationalexpressgroup.com/our-way/policies/group-environment-energy-policy/ | J30: https://blog.nationalexpress.com/ | K30: NO | L30: NO | M30: NO | N30: YES | O30: YES | P30: YES | Q30: YES | R30: YES | S30: YES | T30: NO | U30: NO | V30: NO | W30: YES | X30: YES | Y30: website provides further information on the companys policies.
A31: 24 | B31: https://www.npower.com/ | C31: 11501 | D31: MEGGA | E31: Utility | F31: Public | G31: YES | H31: Carbon trust standard. We are proud to remain the only energy company to have received triple certification to the Carbon Trust Standards. We we're awarded triple certification to the Carbon Trust Standard for achievements in reducing carbon, water and watse from our offices. | I31: www.npower.com/about-npower/in-the-environment | J31: https://www.npower.com/about-npower/ | K31: NO | L31: YES | M31: NO | N31: YES | O31: YES | P31: YES | Q31: YES | R31: YES | S31: YES | T31: YES | U31: YES | V31: YES | W31: YES | X31: NO | Y31: website shows further information on the companys sustainability and awards.
A32: 25 | B32: https://www.virginatlantic.com/ | C32: 9823 | D32: MEGGA | E32: Transport | F32: Private | G32: YES | H32: The big picture. Global aviation supports economic development, trade and tourism. With these come responsibilities, to people and communities. To the environment, and to animal welfare. As a global aviation community, we work together through international organisations, trade bodies and partnershipd to tackle these areas. | I32: https://www.virginatlantic.com/gb/en/sustainability.html | J32: https://careersuk.virgin-atlantic.com/life-at-virgin-atlantic/culture | K32: YES | L32: NO | M32: NO | N32: YES | O32: YES | P32: YES | Q32: YES | R32: YES | S32: YES | T32: YES | U32: YES | V32: YES | W32: YES | X32: YES | Y32: websites shows further sustainability information.
A33: 26 | B33: https://www.colgatepalmolive.com/ | C33: 35900 | D33: MEGGA | E33: Consumer goods | F33: Private | G33: YES | H33: A cleaner, healthy environment is important to Colgate not only because it's the right thing to do, but also because it makes good business sense. We reduce our manufacturing water intensity by half compared to 2002, replenish water withdrawn in highly stressed regions, increase supplier participation in our water stewardship program, partner with local and global organizations to bring clean water to under served areas of the world, promote water conservations awareness to all our global consumers, responsibly source forest commodities to reach zero net deforestation. | I33: https://www.colgatepalmolive.com/en-us/core-values/sustainability | J33: https://invester.colgatepalmolive.com/press-releases | K33: YES | L33: YES | M33: YES | N33: NO | O33: NO | P33: YES | Q33: YES | R33: YES | S33: YES | T33: NO | U33: YES | V33: YES | W33: YES | X33: NO | Y33: website provides more information on their sustainability areas and goals.
A34: 27 | B34: https://www.bbc.co.uk/ | C34: 20916 | D34: MEGGA | E34: Media | F34: Public service broadcaster | G34: YES | H34: Environmental and sustainability issues have long been reflected in the programmes and content we make and broadcast, and it is important to us that they are also embedded in the way we operate and run the BBC. | I34: https://www.bbc.co.uk/responsibility/environment | J34: https://www.bbc.co.uk/sport/get-inspired/25416679 | K34: YES | L34: YES | M34: YES | N34: YES | O34: YES | P34: YES | Q34: YES | R34: YES | S34: YES | T34: NO | V34: NO | W34: YES | X34: YES | Y34: website provides further information on sustainability and their initiatives.
A35: 28 | B35: https://www.gwr.com/ | C35: 5914 | D35: MEGGA | E35: Transport | F35: Public | G35: YES | H35: Delivering a sustainable future. as an intergral part of the transport network, we need a robust plan that puts sustainability and our shareholders at the heart of everything. for the first time, the Department for Transport has given us defined objectives. Our strategic approach will help us respond to social, economic and environmental risks and oppertunities, while continuing to build strong partnerships with our customers and communities. | I35: https://www.gwr.com/about-us/sustainability | J35: https://www.gwr.com/destinations-and-events | K35: NO | L35: NO | M35: NO | N35: YES | O35: YES | P35: YES | Q35: YES | R35: YES | S35: YES | T35: NO | V35: NO | W35: YES | X35: YES | Y35: website provides information on their sustainability goals.
A36: 29 | B36: https://www.coca-colacompany.com/ | C36: 61800 | D36: MEGGA | E36: Beverage retail | F36: Publicly traded company | G36: YES | H36: Food and beverage packaging is an important part of modern lives,yet, the world has a packaging problem that we have a responsibility to help solve. By investing in packaging innovations, collecting a bottle ot can for every one we sell and working together with partners to address waste challenges, we aim to be part of the solution. | I36: https://www.coca-colacompany.com/sustainability | J36: https://www.coca-cola.co.uk/stories/get-active-with-parklives | K36: YES | L36: YES | M36: YES | N36: NO | O36: NO | P36: NO | Q36: YES | R36: YES | S36: YES | T36: NO | U36: YES | V36: YES | W36: YES | X36: NO | Y36: website shows further information on the companys packaging initiatives.
A37: 30 | B37: https://www.pepsico.com/ | C37: 263,00 | D37: MEGGA | E37: Beverage retail | F37: Public | G37: YES | H37: Global context. helping to create a healthier relationship between people and food includes protecting the environment and finding sustainable ways to produce more food. PepsiCo efforts include: innovating our packaging to make it increasing sustainable and working to eliminate solid waste in landfills from our production facilities and supporting sustainable agriculture by identifying and sharing best practices with our growers and suppliers. | I37: https://www.pepsico.com/sustainability/performance-with-purpose/planet | J37: www.pepsico.com/sustainability/philanthropy | K37: NO | L37: YES | M37: YES | N37: NO | O37: NO | P37: NO | Q37: NO | R37: YES | S37: YES | T37: NO | U37: YES | V37: YES | W37: YES | X37: NO | Y37: website provides more information in all of their sustainability goals.
A38: 31 | B38: https://www.volkswagenag.com/ | C38: 642292 | D38: MEGGA | E38: Transport | F38: Publicly traded company | G38: YES | H38: Moving you, moving forward. For Volkswagen, sustainability means pursuing economic, social and ecological objectives simultaneously and with equal energy. It is our aim to create lasting values, offer good working conditions, and conserve resources and the environment. | I38: https://www.volkswagenag.com/en/sustainability.html | J38: https://annualreport2017.volkswagenag.com/group-management-report/structure-and-business-activities.html | K38: YES | L38: YES | M38: YES | N38: YES | O38: YES | P38: YES | Q38: NO | R38: YES | S38: YES | T38: YES | U38: YES | V38: YES | W38: YES | X38: YES | Y38: Website provides further information.
A39: 32 | B39: https://www.vauxhall.co.uk/ | C39: 4029 | D39: MEGGA | E39: Transport | F39: Private | G39: YES | H39: We're leading the way with innovative, greener vehicles such as the ecoTEC models. We use recycled materials and aim to decrease the amount of waste produced during manufacture and at the end of a vehicles life. And, at Vauxhall factories and HQ, we work hard to recycle and reduce our landfill output. | I39: https://www.vauxhall.co.uk/environment.html | J39: https://www.vauxhall.co.uk/about/our-heritage.html | K39: YES | L39: YES | M39: YES | N39: YES | O39: YES | P39: YES | Q39: YES | R39: YES | S39: YES | T39: YES | U39: YES | V39: YES | W39: YES | X39: YES | Y39: website provides further sustainability goals.
A40: 33 | B40: https://www.jaguarlandrover.com/ | C40: 43224 | D40: MEGGA | E40: Transport | F40: Private limited company | G40: YES | H40: Carbon neutral manufacturing. The way we make our cars is as important as the way we design and engineer them. By focusing on leaner, greener manufacturing. Energy efficiency and waste reduction, we're on track to reach our ambition of carbon neutral manufacturing. | I40: https://www.jaguarlandrover.com/2016/environmental-innovation | J40: https://www.jaguar.co.uk/about-jaguar/jaguar-business/community.html | K40: YES | L40: YES | M40: YES | N40: YES | O40: YES | P40: YES | Q40: YES | R40: YES | S40: YES | T40: YES | U40: YES | V40: YES | W40: YES | X40: YES | Y40: website provide further information on thier sustainability commitments.
A41: 34 | B41: https://www.ford.co.uk/ | C41: 202000 | D41: MEGGA | E41: Transport | F41: Publicly traded company | G41: YES | H41: As well as being the right thing to do, sustainability is a core part of Ford's business strategy with smart and sustainable manufacturing solutions and an exciting range of technologically advanced, fuel efficient vehicles, we're creating foundations that will ensure our long-term success in Europe. | I41: https://www.ford.co.uk/experience-ford/sustainability | J41: https://www.ford.co.uk/experience-ford/motor-shows/sponsership | K41: YES | L41: YES | M41: YES | N41: YES | O41: YES | P41: YES | Q41: YES | R41: YES | S41: YES | T41: YES | U41: YES | V41: YES | W41: YES | X41: YES | Y41: website provides further information.
A42: 35 | B42: https://www.duluxtradepaintexpert.co.uk/ | C42: 5886 | D42: MEGGA | E42: Painting and decorating | F42: Private limited company | G42: YES | H42: Planet possible. Our commitment to doing more with less. Planet possible is our sustainability strategy. We are seeking to create a brighter future by delivering more value from fewer resources and bringing colour to peoples lives, we are committed to driving sustainable innovation, promoting radical resource efficientcy, and helping you to realise your sustainability goals. | I42: https://www.duluxtradepaintexpert.co.uk/products/sustainability | J42: https://www.dulux.co.uk/en/about-dulux | K42: NO | L42: NO | M42: NO | N42: NO | O42: NO | P42: YES | Q42: NO | R42: YES | S42: YES | T42: NO | U42: YES | V42: YES | W42: YES | X42: NO | Y42: website provides more information on sustainability.
A43: 36 | B43: https://www.costa.co.uk/ | C43: 18412 | D43: MEGGA | E43: Multinational coffeehouse | F43: Private limited company | G43: YES | H43: We're constantly striving to reduce our impact on the environment. Wherever we can we recycle, use sustainable materials, technologically smart machinery and renewable energy. | I43: https://www.costa.co.uk/responsibility | J43: https://www.costa.co.uk/about-us/ | K43: YES | L43: YES | M43: YES | N43: NO | O43: NO | P43: NO | Q43: NO | R43: YES | S43: YES | T43: NO | U43: NO | V43: YES | W43: YES | X43: YES | Y43: further informaion available on website.
A44: 37 | B44: https://www.starbucks.co.uk/ | C44: 238000 | D44: MEGGA | E44: Multinational coffeehouse | F44: Private limited company | G44: YES | H44: Earning the right to be part of your community. Across the world we are known as a ethical company. But we know we have to prove this to our customers every single day. From the farms where we buy our coffee to the stores where we make your favourite drink, we work hard to do right by the planet and the communities we serve. | I44: https://www.starbucks.co.uk/responsibility | J44: https://www.starbucks.co.uk/responsibility | K44: YES | L44: YES | M44: YES | N44: NO | O44: NO | P44: NO | Q44: NO | R44: YES | S44: YES | T44: NO | U44: NO | V44: YES | W44: YES | X44: YES | Y44: further sustainability infomation and initiatives available on website.
A45: 38 | B45: https://www.diy.com/ | C45: 25000 | D45: MEGGA | E45: Decorating and building retail | F45: Private | G45: YES | H45: Since we published our first timer policy in 1991, at B&Q we've been working to become a more responsible retailer - and to help our customers enjoy better, more sustainable homes. One Planet Home is our sustainability programme, developed with the sustainability charity Bioregional with challenging targets stretching across our business. | I45: https://www.diy.com/one-planet-home/ | J45: https://www.diy.com/activities/ | K45: NO | L45: NO | M45: NO | N45: NO | O45: NO | P45: NO | Q45: NO | R45: YES | S45: YES | T45: YES | U45: YES | V45: YES | W45: YES | X45: NO | Y45: more information available on thier website.
A46: 39 | B46: https://www.lauraashley.com/ | C46: 2980 | D46: MEGGA | E46: Fashion retail | F46: Private limited company | G46: YES | H46: Laura Ashley recognise our responsibility to minimise any potential adverse environmental impact of our operations and is committed to upholding its duties as a good corporate citizen for greater benefit of the communities in which we operate. | I46: https://www.lauraashley.com/uk/corporate-social-responsibility-policy/environmental/page/environmentalpolicy | J46: https://www.lauraashley.com/en-gb/our-heritage | K46: YES | L46: YES | M46: YES | N46: NO | O46: NO | P46: YES | Q46: NO | R46: YES | S46: YES | T46: NO | U46: YES | V46: YES | W46: YES | X46: NO | Y46: further informaion available on website.
A47: 40 | B47: https://www.whsmithplc.co.uk/ | C47: 13773 | D47: MEGGA | E47: Literature retail | F47: Public Limited company | G47: YES | H47: Our commitment. We are committed to responsibly managing the environmental impact of our operations and the products that we sell. Environmental management also makes good business sense. Ensuring that we use resources efficiently and work to reduce our carbon footprint help reduce costs.` | I47: www.whsmithplc.co.uk/corporate_responsibility | J47: https://www.whsmith.co.uk/fcp/content/help-aboutus/content | K47: YES | L47: NO | M47: NO | N47: NO | O47: NO | P47: NO | Q47: NO | R47: YES | S47: YES | T47: NO | U47: YES | V47: YES | W47: YES | X47: YES | Y47: more information on the companys sustainability focuses available on the website.
A48: 41 | B48: https://www.halfordscompany.com/ | C48: 10000 | D48: MEGGA | E48: Bikes and motor parts retail | F48: Public parent | G48: YES | H48: We know that our work has an impact on the environment and that we have a duty to manage that impact in a responsible and ethical manner. We do this through identifying all significant environmental impacts and putting processes into place to prevent, reduce and mitigate them. | I48: https://www.halfordscompany.com/corporate-responsibility | J48: https://www.halfordscareers.com/about-us/who-we-are | K48: NO | L48: NO | M48: NO | N48: NO | O48: NO | P48: NO | Q48: NO | R48: YES | S48: YES | T48: YES | U48: YES | V48: YES | W48: YES | X48: YES | Y48: more sustainability information available on website.
A49: 42 | B49: https://www.waterstones.com/ | C49: 3500 | D49: MEGGA | E49: Literature retail | F49: Private | G49: NO | J49: https://www.waterstones.com/help/company-information/1052 | K49: NO | L49: NO | M49: NO | N49: NO | O49: NO | P49: NO | Q49: NO | R49: YES | S49: YES | T49: NO | U49: YES | V49: YES | W49: YES | X49: YES
A50: 43 | B50: https://www.raccorporate.co.uk/ | C50: 3700 | D50: MEGGA | E50: Breakdown recovery | F50: Private limited company | G50: YES | H50: The RAC has embedded corporate social responsibility (CSR) throughout the business, with a continued focus on road safety, improving fuel efficiences and in developing innovative new products and services for members. | I50: https://www.raccorporate.co.uk/corporate-responsibility/corporate-social-responsibility | J50: https://www.rac.co.uk/business/how-can-we-help/about-us | K50: NO | L50: NO | M50: NO | N50: YES | O50: YES | P50: YES | Q50: YES | R50: YES | S50: YES | T50: NO | U50: NO | V50: NO | W50: YES | X50: YES | Y50: visit website for more information on sustainability focuses.
A51: 44 | B51: https://www.theaaplc.com/ | C51: 7454 | D51: MEGGA | E51: Breakdown recovery | F51: Private limited company | G51: YES | H51: OUR PEOPLE - attracting and retaining talent, effective employee engagement. SAFETY - of employees and of our customers, members and wider public. ENVIRONMENT - particularly emissions from our operation. | I51: https://www.theaaplc.com/csr | J51: www.theaa.com/about-us | K51: NO | L51: NO | M51: NO | N51: YES | O51: YES | P51: YES | Q51: YES | R51: YES | S51: YES | T51: NO | U51: NO | V51: NO | W51: YES | X51: YES | Y51: website states the companys environmental goals.
A52: 45 | B52: https://www.tatasteeleurope.com/ | C52: 74,000 | D52: MEGGA | E52: Iron and steel company | F52: Private steel company | G52: YES | H52: Building the leading European steel business that is sustainable in every sense. | I52: https://www.tatasteeleurope.com/sustainability | J52: https://www.tatasteeleurope.com/en/innovation/technology/activities | K52: YES | L52: NO | M52: NO | N52: NO | O52: NO | P52: NO | Q52: NO | R52: YES | S52: YES | T52: NO | U52: YES | V52: YES | W52: YES | X52: YES | Y52: websites provides further imformation on the companys sustainability initiatives.
A53: 46 | B53: https://www.bp.com/ | C53: 74,000 | D53: MEGGA | E53: Fuel | F53: Private sector energy | G53: YES | H53: We want to build enduring relationships with governments, customers, partners, suppliers and communities in the countries where we work. Engaging with each of you is essential to operating our business responsibly. | I53: https://www.bp.com/en/global/corporate/sustainability.html | J53: https://www.bp.com/en/global/corporate/what-we-do/bp-at-a-glance.html | L53: YES | M53: NO | N53: YES | O53: YES | P53: YES | Q53: YES | R53: YES | S53: YES | T53: NO | U53: NO | V53: YES | W53: YES | X53: NO | Y53: website shows information on the comnpanys environmental commitments.
A54: 47 | B54: https://www.harrods.com/ | C54: 12000 | D54: MEGGA | E54: Luxury department stores | F54: Private limited company | G54: YES | H54: As a luxury retail business and a well-known British brand. We know that our stakeholders - employees, customers, the local community and our investors - expect us to conduct business in a thoroughly responsible, transparent and ethical manor. We focus our efforts on four key areas: Workplace, Marketplace, Environment and Community. | I54: https://www.harrodscareers.com/corporate-responsibility | J54: https://www.harrods.com/en-gb/events | K54: YES | L54: NO | M54: YES | N54: NO | O54: NO | P54: NO | Q54: NO | R54: YES | S54: YES | T54: NO | U54: YES | V54: YES | W54: YES | X54: YES | Y54: visit website for further information on the companys sustainable goals.
A55: 48 | B55: https://www.harveynichols.com/ | C55: 1937 | D55: MEGGA | E55: Fashion retail | F55: Private limited company | G55: YES | H55: Harvey Nichols is committed to sustainable and responsible practice across all areas of its business, and ethical sourcing is an important part of its programme. | I55: https://www.harveynichols.com/about/corporate-responsibility/code-of-conduct | J55: https://www.harveynichols.com/store/ | K55: YES | L55: YES | M55: YES | N55: NO | O55: NO | P55: YES | Q55: NO | R55: YES | S55: YES | T55: NO | U55: YES | V55: YES | W55: YES | X55: NO | Y55: further information available on the companys website.
A56: 49 | B56: https://www.selfridges.com/ | C56: 2808 | D56: MEGGA | E56: High end department stores | F56: Private limited company | G56: YES | H56: We believe that together, through our daily actions, we can create a more sustainable future for people and the planet. That's why we're committed to buying better and inspiring change. | I56: www.selfridges.com/GB/en/features/info/sustainability | J56: www.selfridges.com/gb/en/features/info/our-heritage | K56: YES | L56: YES | M56: YES | N56: YES | O56: NO | P56: NO | Q56: NO | R56: YES | S56: YES | T56: NO | U56: YES | V56: YES | W56: YES | X56: NO | Y56: further information on all of the companys sustainability areas available on website.
A57: 50 | B57: https://www.mcdonalds.com/ | C57: 375000 | D57: MEGGA | E57: Food retail | F57: Private limited company | G57: YES | H57: Sound ethics is good business. At McDonalds, we hold ourselves and conduct our business to high standards of fairness, honesty and integrity. | I57: https://corporate.mcdonalds.com/mcd/our_company-old/mission_and_values.html | J57: https://www.campaignlive.co.uk/article/mcdonalds-activity-promote-ethical-focus/1074835 | K57: NO | L57: YES | M57: YES | O57: NO | P57: NO | Q57: NO | R57: YES | S57: YES | T57: NO | U57: NO | V57: YES | W57: YES | X57: NO | Y57: more information on the companys sustainability goals on website.
A58: 51 | B58: https://www.newlook.com/uk | C58: 6066 | D58: MEGGA | E58: Fashion retail | F58: Private limited company | G58: YES | H58: Good environmental management is important to us. We examine how our business may impact the environment and then work to reduce those impacts. | I58: www.newlookgroup.com/sustainability/environment | J58: www.newlookgroup.com/who-are-we | K58: YES | L58: YES | M58: NO | N58: NO | O58: NO | P58: NO | Q58: NO | R58: YES | S58: YES | T58: NO | U58: YES | V58: YES | W58: YES | X58: NO | Y58: website provides further information on the areas of sustainability the company focuses on.
A59: 52 | B59: https://www.dixonscarphone.com/ | C59: 43000 | D59: MEGGA | E59: Technology | F59: Private limited company | G59: YES | H59: We are fully committed to meeting our environmental responsibilities and limiting the impact of our operations in a way that is both practically and economically feasible. | I59: https://www.dixonscarphone.com/our-responsibilities/environment | J59: https://www.dixonscarphone.com/who-we-are | K59: YES | L59: YES | M59: YES | N59: YES | O59: YES | P59: YES | Q59: YES | R59: YES | S59: YES | T59: YES | U59: YES | V59: YES | W59: YES | X59: YES | Y59: more sustainability information available on website.
A60: 53 | B60: https://www.nokia.com/ | C60: 102261 | D60: MEGGA | E60: Technology | F60: Private limited company | G60: YES | H60: We create the technology to connect the world, in a responisble way. We work to bring about a more sustainable,socially responsible world. | I60: https://www.nokia.com/en_int/about-nokia/sustainability | J60: https://www.nokia.com/about-nokia/ | K60: YES | L60: YES | M60: YES | N60: YES | O60: YES | P60: YES | Q60: YES | R60: YES | S60: YES | T60: YES | U60: YES | V60: YES | W60: YES | X60: YES | Y60: further information available on the companys website.
A61: 54 | B61: https://www.itv.com/ | C61: 7123 | D61: MEGGA | E61: Media | F61: Public service broadcaster | G61: YES | H61: Planet - To increase awareness of environmental sustainability through our programmes whilst minimising the environmental impact of our operations. | I61: www.itvresponsibility.com | J61: https://www.itvplc.com/about/what-we-do | L61: YES | M61: YES | N61: YES | O61: YES | P61: YES | Q61: YES | R61: YES | S61: YES | T61: NO | U61: YES | V61: NO | W61: YES | X61: YES | Y61: further information on how the company broadcasts the issues of environmental impacts and other sustainability info available on website.
A62: 55 | B62: https://www.playstation.com/ | C62: 117300 | D62: MEGGA | E62: Technology | F62: Private | G62: YES | H62: As well as providing the best place to play, we're dedicated to reducing our environmental impact. | I62: https://www.playstation.com/en-ie/footer/about-us/playstation-and-the-environment/ | J62: https://www.playstation.com/en-us/corporate/about/ | K62: YES | L62: YES | M62: YES | N62: YES | O62: YES | P62: YES | Q62: YES | R62: YES | S62: YES | T62: NO | U62: YES | V62: YES | W62: YES | X62: YES | Y62: more information on the companys sustainability focuses available on the website.
A63: 56 | B63: https://www.microsoft.com/ | C63: 131300 | D63: MEGGA | E63: Technology | F63: Private | G63: YES | H63: Microsoft plkans to lower carbon emissions by 75 percent through continued carbon neutrality and renewable energy commitments and investments in energy efficiency. | I63: https://www.microsoft.com/en-us/corporate-responsibility/environmental-sustainability | J63: https://www.microsoft.com/en-gb/about/ | K63: YES | L63: YES | M63: YES | N63: YES | O63: YES | P63: YES | Q63: YES | R63: YES | S63: YES | T63: NO | U63: YES | V63: NO | W63: YES | X63: YES | Y63: further information on all of the companys sustainability areas available on website.
A64: 57 | B64: https://www.wilko.com/ | C64: 23000 | D64: MEGGA | E64: Mixed goods retailers | F64: Private limited company | G64: YES | H64: Corporate social responsibilty or doing our bit as we like to refer it as, is about everything we do as a business - it isn't an added extra, it forms part of our business as usual. | I64: www.corporate.wilko.com/stories/csr.php | J64: https://corporate.wilko.com/stories/ourhistory.php | K64: YES | L64: NO | M64: NO | N64: NO | O64: NO | P64: YES | Q64: NO | R64: YES | S64: YES | T64: NO | U64: YES | V64: YES | W64: YES | X64: NO | Y64: website provide further information on thier sustainability commitments.
A65: 58 | B65: https://www.talktalkgroup.com/ | C65: 2354 | D65: MEGGA | E65: Media and telecommunications | F65: Private limited company | G65: YES | H65: We believe a civilised digital society is possibke and we recognise we have an important role to play in helping to get there. | I65: https://www.talktalkgroup.com/talktalkgroup/about-us/our-responsibilities | J65: https://www.talktalkgroup.com/talktalkgroup/about-us | K65: YES | L65: NO | M65: NO | N65: YES | O65: YES | P65: YES | Q65: YES | R65: YES | S65: YES | T65: YES | U65: YES | V65: YES | W65: YES | X65: YES | Y65: website provides further information on the companys policies.
A66: 59 | B66: https://www.btplc.com/ | C66: 106400 | D66: MEGGA | E66: Media and telecommunications | F66: Public Limited company | G66: YES | H66: We're reducing our carbon impact and helping our customers to do the same. We offer conferencing services so they don't need to travel to meetings. | I66: https://www.btplc.com/purposefulbusiness/energyandenvironment/index.htm | J66: https://www.btplc.com/thegroup/ | K66: YES | L66: NO | M66: NO | N66: YES | O66: YES | P66: YES | Q66: YES | R66: YES | S66: YES | T66: YES | U66: YES | V66: NO | W66: YES | X66: YES | Y66: further information on all of the companys sustainability areas available on website.
A67: 60 | B67: https://www.andrex.co.uk/ | C67: 4200 | D67: MEGGA | E67: British toliet roll brand | F67: Private | G67: YES | H67: All our dry and moist toilet tissue is 100% biodegradable. | I67: https://www.andrex.co.uk/sustainability | J67: www.andrex.co.uk/brand-history/ | K67: YES | L67: YES | M67: YES | N67: NO | O67: NO | P67: NO | Q67: NO | R67: YES | S67: YES | T67: NO | U67: NO | V67: YES | W67: YES | X67: NO | Y67: website provides further information on sustainability and their initiatives.
A68: 61 | B68: https://www.barclays.co.uk/ | C68: 79900 | D68: MEGGA | E68: Banking and finance | F68: Public Limited company | G68: YES | H68: Barclays has been involved in a number of charities, causes and social developments for the greater good. | I68: https://www.archive.barclays.com/items/show/5410 | J68: https://home.barclays/who-we-are/ | K68: NO | L68: NO | M68: NO | N68: YES | O68: YES | P68: YES | Q68: YES | R68: YES | S68: YES | T68: YES | U68: NO | V68: NO | W68: YES | X68: YES | Y68: further information available on the companys website.
A69: 62 | B69: https://www.hsbc.com/ | C69: 85000 | D69: MEGGA | E69: Banking and finance | F69: Public Limited company | G69: YES | H69: Today our sustainability approach features on three main areas: sustainable finance; sustainable supply chains; and employability & financial capability. | I69: https://www.hsbc.com/our-approach/building-a-sustainable-future | J69: https://www.about.hsbc.co.uk/ | K69: NO | L69: NO | M69: NO | N69: YES | O69: YES | P69: YES | Q69: YES | R69: YES | S69: YES | T69: YES | U69: NO | V69: NO | W69: YES | X69: YES | Y69: website provides further information on sustainability and their initiatives.
A70: 63 | B70: https://www.asus.com/ | C70: 17000 | D70: MEGGA | E70: Technology | F70: Private | G70: YES | H70: We at Asus are fully committed to creating a sustainable future. We believe in adopting an eco-friendly approach towards every aspect of our business. | I70: https://www.asus.com/About_ASUS/GreenASUS/ | J70: https://www.asus.com/About_ASUS/Company-Introduction | K70: YES | L70: YES | M70: YES | N70: YES | O70: YES | P70: YES | Q70: YES | R70: YES | S70: YES | T70: NO | U70: YES | V70: YES | W70: YES | X70: YES | Y70: website provide further information on thier sustainability commitments.
A71: 64 | B71: https://www.parcelforce.com/ | C71: 4500 | D71: MEGGA | E71: Delivery | F71: Private limited company | G71: YES | H71: One year into thier Environmental Champions programme. Parcelforce recognised the need to hold an engagement event to ensure their champions felt valued, recognised and could develop the skills to embed the required behaviours amongst front line colleaugues. | I71: https://www.carbonsmart.co.uk/info/parcelforce/ | J71: https://www.parcelforce.com/about-parcelforce | K71: NO | L71: NO | M71: NO | N71: YES | O71: YES | P71: YES | Q71: YES | R71: YES | S71: YES | T71: NO | U71: YES | V71: NO | W71: YES | X71: NO | Y71: further information on all of the companys sustainability areas available on website.
A72: 65 | B72: https://www.ebay.co.uk/ | C72: 14100 | D72: MEGGA | E72: Online auction site | F72: Private | G72: YES | H72: eBay is committed to becoming the leading global engine for greener commerce. By innovating in our building and operations, enabling the trade of greener goods on our commerce platforms, and leveraging our voice and size to drive change, we are helping to create a more sustainable world. | I72: https://www.ebaymainstreet.com/issues/sustainability | J72: https://www.ebayinc.com/our-company/ | K72: YES | L72: NO | M72: YES | N72: YES | O72: YES | P72: NO | Q72: NO | R72: YES | S72: YES | T72: NO | U72: YES | V72: NO | W72: YES | X72: NO | Y72: more information available on the areas of sustainability on website.
A73: 66 | B73: www.vistaprint.co.uk/ | C73: 3320 | D73: MEGGA | E73: Printing | F73: Private | G73: YES | H73: 95% of our paper products are printed on the highest standard of rersponsible forestry. | I73: https://sustainability.vistaprint.com | J73: https://www.vistaprint.co.uk/about-us.aspx | K73: YES | L73: YES | M73: YES | N73: NO | O73: YES | P73: NO | Q73: NO | R73: YES | S73: YES | T73: NO | U73: YES | V73: YES | W73: YES | X73: NO | Y73: more sustainability information available on website.
A74: 67 | B74: https://www.easyjet.com/ | C74: 11655 | D74: MEGGA | E74: Airline industry | F74: Public Limited company | G74: YES | H74: Our biggest impact on the environment is fuel and the associated carbon emissions. Our continued efforts to reduce our fuel usage and costs also hasve the effect of reducing our impact on the environment. | I74: https://www.easyjet.com/en/orange-spirit/environment | J74: https://corporate.easyjet.com/about/what-we-do | L74: NO | M74: NO | N74: YES | O74: YES | P74: YES | Q74: YES | R74: YES | S74: YES | T74: NO | U74: NO | V74: NO | W74: YES | X74: YES | Y74: more information available on thier website.
A75: 68 | B75: www.carlsberg.co.uk/ | C75: 41000 | D75: MEGGA | E75: Beverage retail | F75: Private limited company | G75: YES | H75: In 2017, we devised an ambitious new sustainability programme, Together Towards ZERO. The programme expresses our vision for a better tomorrow, at a time of serious challenges such as climate change, water scarcity and public health concerns. | I75: https://carlsberggroup.com/sustainability/sustainability-at-carlsberg/ | J75: https://carlsberggroup.com/who-we-are/about-the-carlsberg-group | K75: YES | L75: YES | M75: NO | O75: NO | P75: NO | Q75: NO | R75: YES | S75: YES | T75: NO | U75: NO | V75: YES | W75: YES | X75: NO | Y75: more information on the companys environmental and sustainable commitments available on thir website.
A76: 69 | B76: https://www.sainsburys.co.uk/ | C76: 181900 | D76: MEGGA | E76: Multinational retail | F76: Public Limited company | G76: YES | H76: For Sainsbury's, our values drive competitive differentation, build brand trust and customer loyalty as well as making us a more efficient and resilient business. | I76: https://www.about.sainsburys.co.uk/~/media/files/s/sainsburys/documents/making-a-difference/sustainability_update_2018.pdf | J76: https://www.about.sainsburys.co.uk/great-products-and-services/sainsburys-home | K76: YES | L76: YES | M76: YES | N76: NO | O76: NO | P76: NO | Q76: NO | R76: YES | S76: YES | T76: NO | U76: YES | V76: YES | W76: YES | X76: NO | Y76: website provide further information on thier sustainability commitments.
A77: 70 | B77: https://uk.lush.com/ | C77: 13652 | D77: MEGGA | E77: Cosmetics and toiletries | F77: Private limited company | G77: YES | H77: We have always used creative solutions to make a positive impact on the planet, like the invention of the first-ever solid shampoo bar. | I77: https://uk.lush.com/article/our-environmental-policy | J77: https://uk.lush.com/tag/our-policies | K77: YES | L77: YES | M77: YES | N77: NO | O77: NO | P77: NO | Q77: NO | R77: YES | S77: YES | T77: NO | U77: NO | V77: YES | W77: YES | X77: NO | Y77: more information available on the areas of sustainability on website.

Sheet Knowledge sharing
A1: EXAMPLES OF PROSUMER KWLEDGE SHARING BY COMPANIES
A3: Empty cells should be filled in by the URL addresses (i.e. https://www.shoesofprey.com/) of the web pages on which it was possible to observe prosumers activities connected with their ideas or kwledge. Subsequently these URLs will be use to verify the realibilty of gathered data. Grey cells (B and C columns) are fulling in automatically.
A5: No | B5: Company name | C5: Short description of observed prosumers activity | D5: Do You - Evaluating products by scoring | E5: Evaluating products by placing comments | F5: Evaluating product in practice by testing | G5: Creating and designing products or their parts | H5: Other ways available for you to evaluate the products / services
A6: 1 | B6: ='Business Processes'!B8 -> https://www.pukkaherbs.com/ | C6: ='Business Processes'!J8 -> https://www.pukkaherbs.com/your-wellbeing/stories/people/partners/bizgive/ https://www.pukkaherbs.com/media/76569880/pukka-sustainability-highlights-2016.pdf https://www.pukkaherbs.com/our-mission/inspiring-change/ | E6: YES | F6: YES
A7: 2 | B7: ='Business Processes'!B9 -> www.Dell.com | C7: ='Business Processes'!J9 -> http://www.ideastorm.com/ | E7: YES | F7: YES | G7: YES | H7: Voting
A8: 3 | B8: ='Business Processes'!B10 -> https://twitter.com/ | C8: ='Business Processes'!J10 -> https://books.google.co.uk/books?isbn=1473987490 | F8: YES
A9: 4 | B9: ='Business Processes'!B11 -> https://www.amazon.co.uk/ | C9: ='Business Processes'!J11 -> https://www.amazon.co.uk/ | F9: YES
A10: 5 | B10: ='Business Processes'!B12 -> https://www.facebook.com/ | C10: ='Business Processes'!J12 -> https://www.facebook.com/ | F10: YES
A11: 6 | B11: ='Business Processes'!B13 -> https://www.uber.com/ | C11: ='Business Processes'!J13 -> https://www.uber.com/ | F11: YES
A12: 7 | B12: ='Business Processes'!B14 -> https://www.youtube.com/ | C12: ='Business Processes'!J14 -> https://www.youtube.com/ | F12: YES
A13: 8 | B13: https://www.o2.co.uk/ | C13: ='Business Processes'!J15 -> http://static.o2.co.uk/www/docs/thinkbig/think-big-blueprint-1-progress-report-2012-to-2015.pdf | E13: YES | F13: YES
A14: 9 | B14: https://www.apple.com/uk/ | C14: ='Business Processes'!J16 -> https://support.apple.com/en-gb | E14: YES | F14: YES | G14: YES
A15: 10 | B15: http://ee.co.uk/ | C15: ='Business Processes'!J17 -> http://ee.co.uk/our-company/corporate-responsibility/building-trust/our-customers | E15: YES
A16: 11 | B16: https://tesco.com/ | C16: https://tescoplc.com/about-us/our-businesses/ | E16: YES | F16: YES | G16: YES
A17: 12 | B17: www.goodenergy.co.uk/ | C17: https://www.goodenergy.co.uk/about-us | E17: YES
A18: 13 | B18: https://www.debenhams.com | C18: www.debenhams-careers.com/about-us | E18: YES | F18: YES | G18: YES
A19: 14 | B19: https://www.dwrcymru.com | C19: https://www.pwc.co.uk
A20: 15 | B20: https://www.marksandspencer.com | C20: https://corporate.marksandspencer.com/plan-a/community-engagement | E20: YES | F20: YES | G20: YES
A21: 16 | B21: www.britishgas.co.uk/ | C21: https://www.britishgas.co.uk/business/energy-services/CCL
A22: 17 | B22: https://www.unilever.com/ | C22: https://www.unilever.co.uk/about/who-we-are/purpose-and-principles/ | F22: YES | G22: YES
A23: 18 | B23: https://www.britishairways.com/ | C23: https://www.britishairways.com/en-gb/information/family-travel/entertainment | E23: YES | G23: YES
A24: 19 | B24: https://www.samsung.com/ | C24: https://www.samsung.com/uk/aboutsamsung/home/ | E24: YES | F24: YES | G24: YES
A25: 20 | B25: https://www.skygroup.sky/ | C25: https://www.skygroup.sky/corporate/about-sky/our-story | E25: YES | F25: YES | G25: YES
A26: 21 | B26: https://www.ssebusinessenergy.co.uk/ | C26: https://sse.co.uk/our-business-services
A27: 22 | B27: https://www.waitrose.com/ | C27: https://www.waitrose.com/home/inspiration/summerfestival/childrens-activities | E27: YES | F27: YES
A28: 23 | B28: https://www.nationalexpressgroup.com/ | C28: https://blog.nationalexpress.com/ | E28: YES
A29: 24 | B29: https://www.npower.com/ | C29: https://www.npower.com/about-npower/ | E29: YES
A30: 25 | B30: https://www.virginatlantic.com/ | C30: https://careersuk.virgin-atlantic.com/life-at-virgin-atlantic/culture | E30: YES | F30: YES | G30: YES
A31: 26 | B31: https://www.colgatepalmolive.com/ | C31: https://invester.colgatepalmolive.com/press-releases | E31: YES | F31: YES | G31: YES
A32: 27 | B32: https://www.bbc.co.uk/ | C32: https://www.bbc.co.uk/sport/get-inspired/25416679 | E32: YES | G32: YES
A33: 28 | B33: https://www.gwr.com/ | C33: https://www.gwr.com/destinations-and-events | E33: YES
A34: 29 | B34: https://www.coca-colacompany.com/ | C34: https://www.coca-cola.co.uk/stories/get-active-with-parklives | E34: YES | F34: YES | G34: YES
A35: 30 | B35: https://www.pepsico.com/ | C35: www.pepsico.com/sustainability/philanthropy | E35: YES | F35: YES
A36: 31 | B36: https://www.volkswagenag.com/ | C36: https://annualreport2017.volkswagenag.com/group-management-report/structure-and-business-activities.html | E36: YES | F36: YES | G36: YES
A37: 32 | B37: https://www.vauxhall.co.uk/ | C37: https://www.vauxhall.co.uk/about/our-heritage.html | E37: YES | F37: YES | G37: YES
A38: 33 | B38: https://www.jaguarlandrover.com/ | C38: https://www.jaguar.co.uk/about-jaguar/jaguar-business/community.html | E38: YES | F38: YES | G38: YES
A39: 34 | B39: https://www.ford.co.uk/ | C39: https://www.ford.co.uk/experience-ford/motor-shows/sponsership | E39: YES | F39: YES | G39: YES
A40: 35 | B40: https://www.duluxtradepaintexpert.co.uk/ | C40: https://www.dulux.co.uk/en/about-dulux
A41: 36 | B41: https://www.costa.co.uk/ | C41: https://www.costa.co.uk/about-us/ | F41: YES | G41: YES
A42: 37 | B42: https://www.starbucks.co.uk/ | C42: https://www.starbucks.co.uk/responsibility | E42: YES | F42: YES | G42: YES
A43: 38 | B43: https://www.diy.com/ | C43: https://www.diy.com/activities/
A44: 39 | B44: https://www.lauraashley.com/ | C44: https://www.lauraashley.com/en-gb/our-heritage | G44: YES
A45: 40 | B45: https://www.whsmithplc.co.uk/ | C45: https://www.whsmith.co.uk/fcp/content/help-aboutus/content | E45: YES | G45: YES
A46: 41 | B46: https://www.halfordscompany.com/ | C46: https://www.halfordscareers.com/about-us/who-we-are | E46: YES
A47: 42 | B47: https://www.waterstones.com/ | C47: https://www.waterstones.com/help/company-information/1052
A48: 43 | B48: https://www.raccorporate.co.uk/ | C48: https://www.rac.co.uk/business/how-can-we-help/about-us | E48: YES
A49: 44 | B49: https://www.theaaplc.com/ | C49: www.theaa.com/about-us | E49: YES
A50: 45 | B50: https://www.tatasteeleurope.com/ | C50: https://www.tatasteeleurope.com/en/innovation/technology/activities | G50: YES
A51: 46 | B51: https://www.bp.com/ | C51: https://www.bp.com/en/global/corporate/what-we-do/bp-at-a-glance.html
A52: 47 | B52: https://www.harrods.com/ | C52: https://www.harrods.com/en-gb/events | E52: YES | F52: YES | G52: YES
A53: 48 | B53: https://www.harveynichols.com/ | C53: https://www.harveynichols.com/store/ | E53: YES | F53: YES | G53: YES
A54: 49 | B54: https://www.selfridges.com/ | C54: www.selfridges.com/gb/en/features/info/our-heritage | E54: YES | F54: YES | G54: YES
A55: 50 | B55: https://www.mcdonalds.com/ | C55: https://www.campaignlive.co.uk/article/mcdonalds-activity-promote-ethical-focus/1074835 | E55: YES | F55: YES
A56: 51 | B56: https://www.newlook.com/uk | C56: www.newlookgroup.com/who-are-we | E56: YES | G56: YES
A57: 52 | B57: https://www.dixonscarphone.com/ | C57: https://www.dixonscarphone.com/who-we-are | E57: YES | F57: YES | G57: YES
A58: 53 | B58: https://www.nokia.com/ | C58: https://www.nokia.com/about-nokia/ | E58: YES | F58: YES | G58: YES
A59: 54 | B59: https://www.itv.com/ | C59: https://www.itvplc.com/about/what-we-do | E59: YES | F59: YES
A60: 55 | B60: https://www.playstation.com/ | C60: https://www.playstation.com/en-us/corporate/about/ | E60: YES | F60: YES | G60: YES
A61: 56 | B61: https://www.microsoft.com/ | C61: https://www.microsoft.com/en-gb/about/ | E61: YES | F61: YES | G61: YES
A62: 57 | B62: https://www.wilko.com/ | C62: https://corporate.wilko.com/stories/ourhistory.php | E62: YES | G62: YES
A63: 58 | B63: https://www.talktalkgroup.com/ | C63: https://www.talktalkgroup.com/talktalkgroup/about-us | E63: YES | F63: YES | G63: YES
A64: 59 | B64: https://www.btplc.com/ | C64: https://www.btplc.com/thegroup/ | E64: YES | G64: YES
A65: 60 | B65: https://www.andrex.co.uk/ | C65: www.andrex.co.uk/brand-history/ | G65: YES
A66: 61 | B66: https://www.barclays.co.uk/ | C66: https://home.barclays/who-we-are/ | E66: YES
A67: 62 | B67: https://www.hsbc.com/ | C67: https://www.about.hsbc.co.uk/ | E67: YES
A68: 63 | B68: https://www.asus.com/ | C68: https://www.asus.com/About_ASUS/Company-Introduction | E68: YES | F68: YES | G68: YES
A69: 64 | B69: https://www.parcelforce.com/ | C69: https://www.parcelforce.com/about-parcelforce | E69: YES
A70: 65 | B70: https://www.ebay.co.uk/ | C70: https://www.ebayinc.com/our-company/ | E70: YES | G70: YES
A71: 66 | B71: www.vistaprint.co.uk/ | C71: https://www.vistaprint.co.uk/about-us.aspx | G71: YES
A72: 67 | B72: https://www.easyjet.com/ | C72: https://corporate.easyjet.com/about/what-we-do | E72: YES
A73: 68 | B73: www.carlsberg.co.uk/ | C73: https://carlsberggroup.com/who-we-are/about-the-carlsberg-group | F73: YES | G73: YES
A74: 69 | B74: https://www.sainsburys.co.uk/ | C74: https://www.about.sainsburys.co.uk/great-products-and-services/sainsburys-home | E74: YES | F74: YES | G74: YES
A75: 70 | B75: https://uk.lush.com/ | C75: https://uk.lush.com/tag/our-policies | G75: YES

Sheet Incentives
A1: Incentives which Enterprises use to encourage prosumers to share knowledge
A3: Empty cells should be filled in by the URL addresses (i.e. https://www.shoesofprey.com/) of the web pages on which it was possible to observe prosumers activities connected with their ideas or kwledge. Subsequently these URLs will be use to verify the realibilty of gathered data. Grey cells (B and C columns) are fulling in automatically.
A5: . | B5: Company name | C5: Short description of observed prosumers activity | D5: What incentives interest you - Material rewards (e.g free gifts, souvenirs) | E5: Monetary compensation | F5: Testing of prototypes | G5: Free samples of products | H5: Bonus points with financial value | I5: Personal benefits (e.g. enhancing the expertise, status or recognition; being a part of the community; pride of excellence; need to learn more) | J5: Other - what other incentives interest you?
A6: 1 | B6: ='Business Processes'!B8 -> https://www.pukkaherbs.com/ | C6: ='Business Processes'!J8 -> https://www.pukkaherbs.com/your-wellbeing/stories/people/partners/bizgive/ https://www.pukkaherbs.com/media/76569880/pukka-sustainability-highlights-2016.pdf https://www.pukkaherbs.com/our-mission/inspiring-change/ | D6: YES | I6: YES | J6: Competitions
A7: 2 | B7: ='Business Processes'!B9 -> www.Dell.com | C7: ='Business Processes'!J9 -> http://www.ideastorm.com/ | J7: Dell Community Rockstar
A8: 3 | B8: ='Business Processes'!B10 -> https://twitter.com/ | C8: ='Business Processes'!J10 -> https://books.google.co.uk/books?isbn=1473987490
A9: 4 | B9: ='Business Processes'!B11 -> https://www.amazon.co.uk/ | C9: ='Business Processes'!J11 -> https://www.amazon.co.uk/
A10: 5 | B10: ='Business Processes'!B12 -> https://www.facebook.com/ | C10: ='Business Processes'!J12 -> https://www.facebook.com/
A11: 6 | B11: ='Business Processes'!B13 -> https://www.uber.com/ | C11: ='Business Processes'!J13 -> https://www.uber.com/
A12: 7 | B12: ='Business Processes'!B14 -> https://www.youtube.com/ | C12: ='Business Processes'!J14 -> https://www.youtube.com/
A13: 8 | B13: https://www.o2.co.uk/ | C13: ='Business Processes'!J15 -> http://static.o2.co.uk/www/docs/thinkbig/think-big-blueprint-1-progress-report-2012-to-2015.pdf | D13: YES | E13: YES | I13: YES | J13: competitions
A14: 9 | B14: https://www.apple.com/uk/ | C14: ='Business Processes'!J16 -> https://support.apple.com/en-gb | E14: YES | I14: YES | J14: competitors and techlogy change
A15: 10 | B15: http://ee.co.uk/ | C15: ='Business Processes'!J17 -> http://ee.co.uk/our-company/corporate-responsibility/building-trust/our-customers | D15: YES | E15: YES | I15: YES | J15: competitions
A16: 11 | B16: https://www.tesco.com | C16: https:tescoplc.com/about-us/ | D16: YES | E16: YES | H16: YES | I16: YES | J16: vouchers, points
A17: 12 | B17: www.goodenergy.co.uk/ | C17: https://www.goodenergy.co.uk/about-us | F17: YES | I17: YES
A18: 13 | B18: https://www.debenhams.com | C18: www.debenhams-careers.com/about-us | D18: YES | E18: YES | I18: YES
A19: 14 | B19: https://www.dwrcymru.com | C19: https://www.pwc.co.uk | F19: YES
A20: 15 | B20: https://www.marksandspencer.com | C20: https://corporate.marksandspencer.com/plan-a/community-engagement | D20: YES | E20: YES | H20: YES | I20: YES | J20: points and discounts
A21: 16 | B21: www.britishgas.co.uk/ | C21: https://www.britishgas.co.uk/business/energy-services/CCL | F21: YES
A22: 17 | B22: https://www.unilever.com/ | C22: https://www.unilever.co.uk/about/who-we-are/purpose-and-priciples/
A23: 18 | B23: https://www.britishairways.com/ | C23: https://www.britishairways.com/en-gb/information/family-travel/entertainment | H23: YES
A24: 19 | B24: https://www.samsung.com/ | C24: https://www.samsung.com/ok/about-samsung/home/ | D24: YES | J24: discounts, promotions
A25: 20 | B25: https://www.skygroup.sky/ | C25: https://www.skygroup.sky/corporate/about-sky/our-story | D25: YES | I25: YES
A26: 21 | B26: https://www.seebusinessenergy.co.uk | C26: https://sse.co.uk/our-business-services | F26: YES
A27: 22 | B27: https://www.waitrose.com/ | C27: https://www.waitrose.com/home/inspiration/summerfestival/childrens-activities | D27: YES | I27: YES | J27: discounts, promotions
A28: 23 | B28: https://www.nationalexpressgroup.com | C28: https://blog.nationalexpress.com/ | D28: YES | E28: YES
A29: 24 | B29: https://www.npower.com/ | C29: https://www.npower.com/about-npower/ | F29: YES
A30: 25 | B30: https://www.virginatlantic.com | C30: https://careersuk.virgin-atlantic.com/life-at-virgin-atlantic/culture | D30: YES | E30: YES
A31: 26 | B31: https://www.colgatepalmolive.com/ | C31: https://invester.colgatepalmolive.com/press-releases
A32: 27 | B32: https://www.bbc.co.uk/ | C32: https://www.bbc.co.uk/sport/get-inspired/25416679 | I32: YES | J32: competitions, voting
A33: 28 | B33: https://www.gwr.com/ | C33: https://www.gwr.com/destinations-and-events
A34: 29 | B34: https://www.coca-colacompany.com/ | C34: https://coca-cola.co.uk/stories/get-active-with-parklives
A35: 30 | B35: https://www.pepsi.com/ | C35: www.pepsico.com/sustainability/philantrophy
A36: 31 | B36: https://www.volkswagen.com/ | C36: https://annualreport2017.volkswagenag.com/group-management-report/structure-and-business-activities.html | I36: YES
A37: 32 | B37: https://www.vauxall.co.uk/ | C37: https://www.vauxall.co.uk/about/our-heritage.html | F37: YES | I37: YES
A38: 33 | B38: https://www.jaguarlandrover.com/ | C38: https://www.jaguar.co.uk/about-jaguar/jaguar-business/community.html | F38: YES | I38: YES
A39: 34 | B39: https://www.ford.co.uk/ | C39: https://www.ford.co.uk/experience-ford/motor-shows/sponsership | F39: YES | I39: YES
A40: 35 | B40: https://www.duluxtradepaintexperts.co.uk/ | C40: https://www.dulux.co.uk/en/about-dulux
A41: 36 | B41: https://www.costa.co.uk/ | C41: https://www.costa.co.uk/about-us/ | D41: YES | H41: YES
A42: 37 | B42: https://www.starbucks.co.uk | C42: https://www.starbucks.co.uk/responsability | D42: YES | H42: YES | I42: YES
A43: 38 | B43: https://www.diy.com | C43: https://www.diy.com/activities/
A44: 39 | B44: https://www.lauraashley.com/ | C44: https://www.lauraashley.com/en-gb/our-heritage
A45: 40 | B45: https://www.whsmithplc.co.uk/ | C45: https://www.whsmith.co.uk/fcp/content/help-aboutus/content | D45: YES | I45: YES
A46: 41 | B46: https://www.halfordscompany.com/ | C46: https://www.halfordscareers.com/about-us/who-we-are | J46: discounts, offers, promotions
A47: 42 | B47: https://www.waterstones.com/ | C47: https://www.waterstones.com/help/company-information/1052
A48: 43 | B48: https://www.raccoporate.co.uk/ | C48: https://www.rac.co.uk/business/how-can-we-help/about-us | D48: YES | I48: YES
A49: 44 | B49: https://www.theaaplc.com | C49: www.theaaplc.com/about-us | I49: YES
A50: 45 | B50: https://www.tatasteeleurope.com/ | C50: https://www.tatasteeleurope.com/en/innovation/rechnology/activities
A51: 46 | B51: https://www.bp.com/ | C51: https://www.bp.com/en/global/corporate/what-we-do/bp-at-a-glance.html
A52: 47 | B52: https://www.harrods.com/ | C52: https://www.harrods.com/en-gb/events | I52: YES | J52: promotions
A53: 48 | B53: https://www.harveynichols.com/ | C53: https://www.harveynichols.com/store/
A54: 49 | B54: https://www.selfridges.com/ | C54: www.selfridges.com/gb/en/features/info/our-heritage | I54: YES | J54: discounts, promotions
A55: 50 | B55: https://www.mcdonalds.com/ | C55: https://www.campaignlive.co.uk/article/mcdonalds-activity-promote-ethical-focus/1074835 | D55: YES | E55: YES | I55: YES | J55: promotions
A56: 51 | B56: https://www.newlook.com/uk | C56: www.newlookgroup.com/who-are-we | D56: YES | E56: YES | H56: YES | J56: discounts
A57: 52 | B57: https://www.dixonscarphone.com/ | C57: https://www.dixonscarphone.com/who-we-are | D57: YES | I57: YES | J57: promotions
A58: 53 | B58: https://www.nokia.com/ | C58: https://www.nokia.com/about-nokia/ | D58: YES | F58: YES | I58: YES
A59: 54 | B59: https://www.itv.com/ | C59: https://www.itvplc.com/about/what-we-do | F59: YES | I59: YES | J59: competitions, voting
A60: 55 | B60: https://www.playstation.com/ | C60: https://www.playstation.com/en-us/corporate/about/ | D60: YES | F60: YES | I60: YES | J60: competitions, voting
A61: 56 | B61: https://www.microsoft.com/ | C61: https://www.microsoft.com/en-gb/about/ | D61: YES | F61: YES | I61: YES | J61: competitions, voting
A62: 57 | B62: https://www.wilko.com/ | C62: https://corporate.wilko.com/stories/ourhistory.php | D62: YES
A63: 58 | B63: https://www.talktalkgroup.com/ | C63: https://www.talktalkgroup.com/talktalkgroup/about-us | D63: YES | E63: YES | I63: YES
A64: 59 | B64: https://www.btplc.com | C64: https://www.bp.com/thegroup/ | D64: YES
A65: 60 | B65: https://www.andrex.co.uk/ | C65: www.andrex.co.uk/brand-history/
A66: 61 | B66: https://www.barclays.co.uk/ | C66: https://home.barclays/who-we-are/ | D66: YES | E66: YES | I66: YES
A67: 62 | B67: https://www.hsbc.com/ | C67: https://www.about.hsbc.co.uk/ | D67: YES | E67: YES | I67: YES
A68: 63 | B68: https://www.asus.com/ | C68: https://www.asus.com/About_ASUS/company-introduction | D68: YES | F68: YES | I68: YES
A69: 64 | B69: https://www.parcelforce.com/ | C69: https://www.parcelforce.com/about-parcelforce
A70: 65 | B70: https://www.ebay.co.uk/ | C70: https://ebayinc.com/our-company/
A71: 66 | B71: www.vistaprint.co.uk/ | C71: https://www.vistaprint.co.uk/about-us.aspx
A72: 67 | B72: https://www.easyjet.com/ | C72: https://corporate.easyjet.com/about/what-we-do
A73: 68 | B73: www.carlesberg.co.uk/ | C73: https://carlsberggroup.com/who-we-are/about-the-carlsberg-group
A74: 69 | B74: https://www.sainsburys.co.uk/ | C74: https://www.about.sainsburys.co.uk/great-products-and-services/sainsburys-home | D74: YES | H74: YES | I74: YES | J74: promotions, offers
A75: 70 | B75: https://uk.lush.com/ | C75: https://uk.lush.com/tag/our-policies
